 Dungeon Crawl Stone Soup version 0.30-a0-840-ga523dec638 (webtiles) character file.

Game seed: 15403228330186529817

95 cforsyth the Sneak (level 4, -2/28 HPs)
             Began as a Kobold Brigand on Mar 2, 2023.
             Slain by Natasha (8 damage)
             ... on level 2 of the Dungeon.
             The game lasted 00:02:23 (2408 turns).

cforsyth the Sneak (Kobold Brigand)                 Turns: 2408, Time: 00:02:24

Health: -2/28      AC:  4    Str:  8    XL:     4   Next: 95%
Magic:  4/4        EV: 15    Int: 12    God:
Gold:   178        SH:  0    Dex: 18    Spells: 3/3 levels left

rFire   . . .      SeeInvis .    a - +2 dagger
rCold   . . .      Faith    .    (no shield)
rNeg    . . .      Spirit   .    b - +0 robe
rPois   .          Reflect  .    (no helmet)
rElec   .          Harm     .    c - +0 cloak
rCorr   .          Rampage  .    i - +0 pair of gloves
Will    .....                    (no boots)
Stlth   ++++                     (no amulet)
HPRegen 0.24/turn                (no ring)
MPRegen 0.09/turn                (no ring)

@: no status effects
A: small, no large weapons, nightstalker 3
a: no special abilities


You were on level 2 of the Dungeon.
You visited 1 branch of the dungeon, and saw 3 of its levels.

You collected 178 gold pieces.

Inventory:

Hand Weapons
 a - a +2 dagger (weapon)
Missiles
 d - 9 poisoned darts (quivered)
 e - 3 curare-tipped darts
Armour
 b - a +0 robe (worn)
 c - a +0 cloak (worn)
 i - a +0 pair of gloves (worn)
Jewellery
 g - a ring of resist corrosion
Scrolls
 f - a scroll of poison {unknown}
 h - a scroll of enchant weapon {unknown}
 k - a scroll of noise {unknown}
 l - a scroll of magic mapping {unknown}
 m - a scroll of torment {unknown}
 o - a scroll of identify {unknown}
Potions
 j - a potion of attraction {unknown}
 n - a potion of lignification {unknown}


   Skills:
 + Level 3.2 Fighting
 + Level 3.9 Short Blades
 - Level 2.1 Throwing
 + Level 2.7 Dodging
 + Level 6.1 Stealth


You had 3 spell levels left.
You didn't know any spells.
Your spell library contained the following spells:

 Spells                   Type           Power      Damage    Failure   Level
 Apportation              Tloc           0%         N/A       32%         1
 Necrotise                Necr           0%         1d4       32%         1
 Summon Small Mammal      Summ           0%         N/A       32%         1
 Summon Guardian Golem    Hex/Summ       0%         N/A       69%         3
 Orb of Destruction       Conj           0%         9d5       100%        7
 Spellforged Servitor     Conj/Summ      0%         N/A       100%        7


Dungeon Overview and Level Annotations

Branches:
Dungeon (3/15)

Altars:
Dithmenos

Annotations:
D:2 Natasha


Innate Abilities, Weirdness & Mutations

You are small and have problems with some larger weapons.
You are completely attuned to the shadows.


Message History

Natasha completely misses you.
You climb upwards.
There is a stone staircase leading down here.
You barely miss Natasha. Natasha misses you.
You closely miss Natasha. Natasha barely misses you.
You barely miss Natasha. You punch Natasha, but do no damage.
Natasha barely misses you.
You closely miss Natasha. You hit Natasha but do no damage.
Natasha closely misses you.
You hit Natasha.
Natasha is lightly wounded.
Natasha casts a spell at you. The magic dart hits you!
You barely miss Natasha.
Natasha is lightly wounded.
Natasha closely misses you.
You hit Natasha.
Natasha is heavily wounded.
Natasha stares at you and mumbles some strange words.
The magic dart hits you!
* * * LOW HITPOINT WARNING * * *
You are too injured to fight recklessly!
You are too injured to fight recklessly!
You are too injured to fight recklessly!
You are too injured to fight recklessly!
You are too injured to fight recklessly!
You are too injured to fight recklessly!
You are too injured to fight recklessly!
You are too injured to fight recklessly!
You are too injured to fight recklessly!
You barely miss Natasha.
Natasha is heavily wounded.
You hit Natasha.
Natasha is severely wounded.
Natasha claws you.
* * * LOW HITPOINT WARNING * * *
You hit Natasha.
Natasha is severely wounded.
Natasha claws you!
You die...

......................# #.##.###
.#.#..##..#...........####......#
.#.#..##..#....<.........#.##.###
.###......#.........#.####.##.###
.# #..##..#............#.........
.# #..##......##...............#.
.# #..##..#...##..#.#..##.._...#.
.# #..##..#<..##..#....##......#.
.###............@.+............#.
..........##..###h#....##........
...............##.#.##.###.......
........####.....................
.............####................
.#####.......# #.#.#####.####...
.#####.......# #.#.#####.# #.#.
.##..........# #.........####.#.
.##.##..#########...........##.##


You could see Natasha.

Vanquished Creatures
  An orc wizard (D:2)
  2 adders (D:2)
  6 dart slugs
  2 orcs (D:2)
  3 bats
  3 endoplasms
  A giant cockroach (D:2)
  3 hobgoblins
  5 kobolds
  2 quokkas (D:2)
  5 ball pythons
  A frilled lizard (D:1)
  3 goblins
  2 rats
39 creatures vanquished.

Notes
Turn   | Place    | Note
-------+----------+-------------------------------------------
     0 | D:1      | cforsyth the Kobold Brigand began the quest for the Orb.
     0 | D:1      | Reached XP level 1. HP: 12/12 MP: 1/1
    60 | D:1      | Noticed a great orb of eyes
    61 | D:1      | Found a faded altar of an unknown god.
    61 | D:1      | Noticed a golden eye
    64 | D:1      | Noticed a golden eye
    64 | D:1      | Noticed a shining eye
   200 | D:1      | Reached XP level 2. HP: 18/18 MP: 2/2
   522 | D:1      | Reached XP level 3. HP: 22/22 MP: 3/3
  1252 | D:2      | Found a shadowy altar of Dithmenos.
  1437 | D:2      | Reached XP level 4. HP: 27/27 MP: 4/4
  1561 | D:2      | Reached skill level 6 in Stealth
  2285 | D:3      | Noticed Natasha
  2408 | D:2      | Slain by Natasha

Illustrated notes

Levels and vault maps discovered:
D:1:      minmay_arrival_nine_rooms, layout_basic,
          hellmonk_ecumenical_altar_watching_god
D:2:      layout_basic, basic_altar
D:3:      layout_basic, ebering_ghost_gozag,
          hangedman_abyss_or_decor_lesser_grid, uniq_natasha

Skill      XL: |  1  2  3  4 |
---------------+-------------+-----
Short Blades   | 3 |  3.9
Dodging        | 2 |  2.7
Fighting       | 3 |  3.2
Stealth        | 6 |  6.1
Throwing       | |  2.1

Action                     |  1- 3 |  4- 6 || total
---------------------------+-------+-------++-------
  Melee: Dagger            |    43 |    71 ||   114
         Punch             |     2 |     1 ||     3
    Use: Potion            |       |     1 ||     1
   Stab: Sleeping          |    19 |     4 ||    23
         Distracted        |     1 |       ||     1
 Armour: Robe              |     4 |     7 ||    11
  Dodge: Dodged            |    14 |    37 ||    51

Table legend: (Time is in decaauts)
 A = Elapsed time spent in this place.
 B = Non-inter-level travel time spent in this place.
 C = Inter-level travel time spent in this place.
 D = Time resting spent in this place.
 E = Time spent auto-exploring this place.
 F = Levels seen in this place.
 G = Mean time per level.
                   A        B        C        D        E       F      G
               +--------+--------+--------+--------+--------+-----+--------+
         Total |   2389 |   2254 |    135 |     86 |   1820 |   3 |  796.3 |
       Dungeon |   2389 |   2254 |    135 |     86 |   1820 |   3 |  796.3 |
               +--------+--------+--------+--------+--------+-----+--------+

Top non-repeatable levels by time:
     D:1: 1203 daAuts
     D:2: 1164 daAuts
     D:3: 21 daAuts
